 Dungeon Crawl Stone Soup version 0.22-a0-165-g89cf10f13c (webtiles) character file.

516965 Ordine the Hoplite (level 25, -1/153 HPs)
             Began as a Gargoyle Fighter on Feb 12, 2018.
             Was the Champion of Okawaru.
             Killed from afar by a crystal guardian (19 damage)
             ... with a crystal bolt
             ... on level 4 of the Depths on Feb 13, 2018.
             The game lasted 04:06:07 (54985 turns).

Ordine the Hoplite (Gargoyle Fighter)              Turns: 54985, Time: 04:06:07

Health: -1/153     AC: 47    Str: 30      XL:     25   Next: 74%
Magic:  0/37       EV: 18    Int: 23 (24) God:    Okawaru [******]
Gold:   2073       SH: 32    Dex:  9      Spells: 32/44 levels left

rFire    . . .     SeeInvis +   a - +9 eveningstar (freeze)
rCold    . . .     Gourm    .   G - +6 large shield of Amorality {MR+}
rNeg     + + .     Faith    .   V - +6 chain mail of Failure {rElec MR- Dex+2 Slay+5}
rPois    ∞         Spirit   +   J - +2 hat of the Bear Spirit {Spirit, +Rage rN+ MR++}
rElec    +         Reflect  .   i - scarf {repulsion}
rCorr    +         Harm     .   Z - +2 pair of gloves "Ceppoh" {rCorr Str+5 Stlth-}
MR       +++..                  r - +2 pair of boots
Stlth    ..........             s - amulet "Waomiso" {Acrobat rElec Int+8 Dex-4 Stlth-}
HPRegen  0.35/turn              H - +5 ring of evasion
MPRegen  0.25/turn              R - ring of see invisible

@: flying, repel missiles
A: big wings, agile 1, negative energy resistance 1, sense surroundings 1,
electricity resistance, unbreathing, evolution 1, petrification resistance, rot
immunity, AC +19
}: 2/15 runes: barnacled, gossamer
a: Stop Flying, Heroism, Finesse, Renounce Religion, Evoke Berserk Rage


You were on level 4 of the Depths.
You worshipped Okawaru.
Okawaru was exalted by your worship.
You were very hungry.

You visited 10 branches of the dungeon, and saw 48 of its levels.
You also visited: Labyrinth, Ice Cave and Volcano.

You collected 6099 gold pieces.
You spent 4026 gold pieces at shops.

Inventory:

Hand Weapons
 a - a +9 eveningstar of freezing (weapon)
 x - the +3 Elemental Staff {rElec rF++ rC++ MR++ AC+5}
   (You found it on level 2 of the Depths)

   It affects your AC (+5).
   It greatly protects you from fire.
   It greatly protects you from cold.
   It insulates you from electricity.
   It affects your resistance to hostile enchantments.
Armour
 i - a scarf of repulsion (worn)
 r - a +2 pair of boots (worn)
 G - the +6 large shield of Amorality (worn) {MR+}
   (You found it on level 13 of the Dungeon)

   It affects your resistance to hostile enchantments.
 J - the +2 hat of the Bear Spirit (worn) {Spirit, +Rage rN+ MR++}
   (You found it in a labyrinth)

   It protects you from negative energy.
   It affects your resistance to hostile enchantments.
   It lets you go berserk.
 V - the +6 chain mail of Failure (worn) {rElec MR- Dex+2 Slay+5}
   (You bought it in a shop on level 2 of the Orcish Mines)

   It affects your dexterity (+2).
   It affects your accuracy and damage with ranged weapons and melee attacks
   (+5).
   It insulates you from electricity.
   It affects your resistance to hostile enchantments.
 Z - the +2 pair of gloves "Ceppoh" (worn) {rCorr Str+5 Stlth-}
   (Okawaru gifted it to you on level 3 of the Elven Halls)

   It affects your strength (+5).
   It protects you from acid and corrosion.
   It makes you less stealthy.
Jewellery
 o - an uncursed ring of resist corrosion
 s - the amulet "Waomiso" (around neck) {Acrobat rElec Int+8 Dex-4 Stlth-}
   (You took it off a deep elf master archer on level 3 of the Elven Halls)

   [amulet of the acrobat]

   It helps you evade while moving and waiting.
   It affects your intelligence (+8).
   It affects your dexterity (-4).
   It insulates you from electricity.
   It makes you less stealthy.
 A - an uncursed ring of protection from magic
 H - a +5 ring of evasion (left hand)
 R - a ring of see invisible (right hand)
 T - an uncursed ring of protection from fire
Wands
 m - a wand of iceblast (16)
 t - a wand of clouds (15)
 w - a wand of polymorph (99)
 B - a wand of acid (31)
 I - a wand of digging (12)
 Q - a wand of scattershot (3)
Scrolls
 b - 2 scrolls of enchant armour
 c - a scroll of silence
 e - 2 scrolls of remove curse
 g - 22 scrolls of teleportation
 k - 7 scrolls of immolation
 v - a scroll of holy word
 y - 6 scrolls of fear
 F - 6 scrolls of fog
 K - 11 scrolls of identify
 P - 2 scrolls of magic mapping
 S - 2 scrolls of torment
 U - 6 scrolls of vulnerability
 W - a scroll of enchant weapon
Potions
 d - 6 potions of brilliance
 h - 8 potions of lignification
 j - 4 potions of ambrosia
 n - 5 potions of haste
 p - 8 potions of agility
 q - 9 potions of curing
 u - 2 potions of cancellation
 D - 2 potions of might
 L - 2 potions of mutation
 M - 2 potions of resistance
 O - a potion of berserk rage
 X - 4 potions of magic
Books
 l - Sif Muna's Almanac of Clay
   (You found it on level 2 of the Depths)

   Spells                             Type                      Level
   a - Sandblast                      Earth                        1
   b - Stone Arrow                    Conjuration/Earth            3
   c - Petrify                        Transmutation/Earth          4
   d - Lee's Rapid Deconstruction     Earth                        5
   e - Borgnjor's Vile Clutch         Necromancy/Earth             5
   f - Iron Shot                      Conjuration/Earth            6
   g - Shatter                        Earth                        9
 C - the Tome of the Glacier
   (You found it on level 2 of the Depths)

   Spells                             Type                      Level
   a - Ensorcelled Hibernation        Hexes/Ice                    2
   b - Ozocubu's Armour               Charms/Ice                   3
   c - Metabolic Englaciation         Hexes/Ice                    5
   d - Freezing Cloud                 Conjuration/Ice/Air          6
Miscellaneous
 z - a lightning rod (4/4)
 N - 3 phantom mirrors {useless}
Comestibles
 f - 82 rations


   Skills:
 + Level 14.4 Fighting
 - Level 16.0 Maces & Flails
 + Level 13.4 Armour
 - Level 10.0 Dodging
 - Level 10.0 Stealth
 - Level 25.0 Shields
 - Level 10.0 Spellcasting
 * Level 7.6 Hexes
 + Level 8.4 Charms
 + Level 6.2 Necromancy
 - Level 8.0 Translocations
 * Level 6.5 Air Magic
 - Level 14.0 Invocations
 - Level 14.0 Evocations


You had 32 spell levels left.
You knew the following spells:

 Your Spells              Type           Power        Failure   Level  Hunger
a - Apportation           Tloc           #####.       1%          1    None
b - Regeneration          Chrm/Necr      #####.....   2%          3    None
c - Spectral Weapon       Hex/Chrm       #####...     1%          3    None
d - Silence               Hex/Air        #####.....   28%         5    ####...


Dungeon Overview and Level Annotations

Branches:
Dungeon (15/15)            Temple (1/1) D:5            Lair (6/6) D:8
 Shoals (4/4) Lair:3       Spider (4/4) Lair:4        Slime (5/5) Lair:6
    Orc (2/2) D:9             Elf (3/3) Orc:2        Vaults (4/5) D:13
  Crypt (0/3) Vaults:3     Depths (4/5) D:15

Altars:
Ashenzari
Cheibriados
Dithmenos
Elyvilon
Fedhas
Gozag
Hepliaklqana
Kikubaaqudgha
Makhleb
Nemelex Xobeh
Okawaru
Qazlal
Ru
Sif Muna
Trog
Uskayaw
Vehumet
Wu Jian
Xom
Yredelemnul
Zin
The Shining One
Beogh
Jiyva

Shops:
D:4 %(   D:13 [   D:14 *   D:15 (   Orc:1 *   Orc:2 ([*:   Elf:1 :   Vaults:2 }

Portals:
Hell: Depths:1 Depths:2 Depths:3
Pandemonium: Depths:3
Trove: Depths:2 (give 8 potions of haste)

Annotations:
Slime:5 Royal Jelly


Innate Abilities, Weirdness & Mutations

You are resistant to torment.
Your stone body is resilient. (AC +19)
You are immune to poison.
Your large and strong wings let you fly indefinitely.
You resist negative energy. (rN+)
You are resistant to electric shocks. (rElec)
You can survive without breathing.
You are immune to petrification.
You are immune to rotting.
You are agile. (Dex +2)
You passively map a small area around you.
You evolve.


Message History

Unknown command.
Okay, then.
Press: ? - help, v - describe, . - travel, g - get item
Here: a crystal guardian (heavily damaged)
A glowing shapeshifter corpse.
The floor, spattered with blood.
Unknown command.
You puncture the crystal guardian!
The crystal guardian is heavily damaged.
The crystal guardian fires a crystalline bolt at you.
The crystal bolt burns you!
* * * LOW HITPOINT WARNING * * *
Unknown command.
As you read the scroll of fear, it crumbles to dust.
You assume a fearsome visage.
The crystal guardian is unaffected. x2
You block the crystal guardian's attack.
You feel better.
The crystal guardian fires a crystalline bolt at you.
The crystal bolt burns you!
You die...

########## #.88.....#
#..#@....#
#.###....############
#.# #................
##)###################
##8Y.## # * * *
#).>..# * * * ,
.......8.......,, ,,,
................ , ,,
* ...8............ , ,


You could see 2 crystal guardians.

Vanquished Creatures
  A juggernaut (Depths:2)
  Frederick (Vaults:4)
  Sojobo (Depths:3)
  Bai Suzhen (Vaults:3)
  Saint Roka (Elf:3)
  Nikola (Elf:2)
  Jorgrun (Elf:3)
  3 liches
  2 deep elf blademasters (Elf:3)
  2 deep elf master archers (Elf:3)
  13 acid blobs
  3 sphinxes
  Gastronok (Lair:1)
  3 tengu reavers
  A kraken (Shoals:4)
  Frances (Spider:1)
  Agnes (Elf:1)
  2 thorn hunters (Depths:2)
  Ilsuiw (Shoals:4)
  A fire giant (shapeshifter) (Depths:4)
  Roxanne (Spider:2)
  4 fire giants
  4 frost giants
  15 azure jellies
  2 orc warlords (Orc:2)
  19 vault wardens
  The ghost of Faustar the Severer, a journeyman MiBe of Trog (Spider:1)
  9 emperor scorpions
  3 ghost moths (Spider:4)
  Aizul (Elf:2)
  2 deep elf elementalists (Elf:3)
  15 ironheart preservers
  A ghoul (Vaults:1)
  12 deep elf sorcerers
  5 entropy weavers
  18 very ugly things
  2 war gargoyles (Depths:4)
  9 stone giants
  A vampire knight (Depths:1)
  A minotaur (Lab)
  6 deep elf demonologists
  6 deep elf annihilators
  A dire elephant (Lair:6)
  5 spark wasps
  2 blizzard demons
  7 ettins
  8 deep elf death magi
  Snorg (Orc:1)
  4 crystal guardians (Depths:4)
  6 death oozes (Slime:5)
  5 merfolk javelineers (Shoals:4)
  7 merfolk impalers
  7 fire dragons
  Josephine (D:15)
  11 yaktaur captains
  6 deep elf high priests (Elf:3)
  2 ice dragons
  5 rakshasas
  Harold (Lair:3)
  6 great orbs of eyes
  12 vault guards
  12 ogre magi
  7 hydras
  6 merfolk aquamancers
  2 catoblepae
  10 centaur warriors
  Erica (Lair:1)
  6 merfolk avatars
  A two-headed ogre (shapeshifter) (Depths:4)
  44 two-headed ogres
  34 dancing weapons
  3 death knights
  9 satyrs
  3 death yaks (Lair:6)
  5 deep troll earth magi
  2 deep troll shamans
  5 orc high priests
  2 vampire magi (Vaults:3)
  A tengu warrior (D:13)
  Urug (Lair:3)
  A soul eater (Vaults:3)
  Nergalle (Lair:3)
  The ghost of Execuda the Fighter, a novice DsBe of Trog (D:9)
  An iron troll (Depths:1)
  2 fire crabs
  27 deep elf knights
  3 small abominations
  7 sea snakes
  2 large abominations
  7 glowing orange brains
  9 skeletal warriors
  A spark wasp zombie (Spider:3)
  An unseen horror (shapeshifter) (Depths:4)
  2 flayed ghosts
  A ghost moth zombie (Spider:3)
  4 unseen horrors
  12 deep trolls
  14 ironbrand convokers
  Pikel (D:6)
  5 wolf spider zombies
  5 wizards
  2 lindwurms
  A sphinx zombie (Vaults:2)
  12 deep elf archers
  67 deep elf magi
  26 ugly things
  3 necromancers
  30 harpies
  A stone giant zombie (Vaults:2)
  A fire giant zombie (Vaults:2)
  14 orc knights
  6 orc sorcerers
  11 orb spiders
  3 shining eyes
  A tengu skeleton (Vaults:2)
  A moth of wrath (Spider:2)
  36 wolf spiders
  5 oklob plants
  13 manticores
  6 elephants (Lair:6)
  21 fauns
  14 merfolk sirens
  16 cyclopes
  2 black mambas (shapeshifter)
  10 black mambas
  3 ice statues (IceCv)
  3 water nymphs
  8 molten gargoyles
  4 gargoyles
  9 spiny frogs
  A naga mage (D:15)
  A torpor snail (Lair:6)
  Joseph (D:8)
  3 eyes of devastation
  12 vault sentinels
  3 spiny frogs (shapeshifter)
  4 rime drakes
  A yaktaur (shapeshifter) (Depths:1)
  8 komodo dragons
  A redback zombie (Spider:3)
  A kobold demonologist (D:15)
  7 centaur skeletons
  24 demonic crawlers
  87 yaktaurs
  3 freezing wraiths
  A red devil (Depths:3)
  2 hellwings (D:11)
  30 merfolk
  A tengu conjurer (D:13)
  4 anaconda simulacra (IceCv)
  14 ice devils (IceCv)
  A meliai (shapeshifter) (D:13)
  2 guardian mummies (Depths:2)
  2 jumping spiders (shapeshifter)
  8 trolls
  A polar bear (Lair:4)
  12 wind drakes
  29 jumping spiders
  A queen bee (shapeshifter) (Depths:3)
  2 wind drakes (shapeshifter)
  18 hornets
  7 meliai
  2 hornets (shapeshifter) (Depths:4)
  3 raiju (shapeshifter)
  81 slime creatures
  Prince Ribbit (D:8)
  3 jumping spider zombies (Spider:3)
  2 tarantella zombies (Spider:3)
  12 blink frogs
  A hippogriff (shapeshifter) (Depths:1)
  8 snapping turtles
  9 dream sheep
  12 hippogriffs
  The ghost of bezhaha the Bolt Thrower, an amateur HaHu of Hepliaklqana (D:3)
  A spriggan (D:7)
  29 tarantellas
  A dire elephant simulacrum (IceCv)
  7 wraiths
  A shadow (D:15)
  6 air elementals
  62 redbacks
  An elf zombie (Vaults:2)
  A wyvern (D:14)
  4 fire elementals
  34 yaks
  12 fire bats
  12 water elementals
  The ghost of Execuda the Skirmisher, an amateur DsBe of Trog (D:4)
  6 golden eyes (Slime:1)
  2 humans (shapeshifter)
  Eustachio (D:6)
  Grum (D:8)
  2 basilisks
  A hungry ghost (D:12)
  A yaktaur simulacrum (Vaults:2)
  2 steam dragons
  2 vampire mosquitoes (Spider:3)
  Menkaure (D:6)
  4 soldier ants (Spider:3)
  3 wargs
  4 iron troll simulacra (IceCv)
  2 insubstantial wisps (Depths:4)
  Edmund (D:6)
  5 hell hounds
  15 water moccasins
  2 orb spider zombies (Spider:3)
  A hydra simulacrum (IceCv)
  11 porcupines
  2 acid dragons
  A swamp drake (shapeshifter) (Depths:4)
  2 floating eyes (shapeshifter)
  3 black bears
  2 ice beasts
  6 sky beasts
  58 orc warriors
  3 phantoms
  A hornet zombie (D:15)
  24 wolves
  39 ogres
  8 boggarts
  2 eyes of draining
  A torpor snail zombie (Spider:3)
  30 centaurs
  15 crocodiles
  21 bullfrogs
  3 big kobolds
  A bullfrog (shapeshifter) (Depths:4)
  A wyvern zombie (D:12)
  12 earth elementals
  43 scorpions
  2 vampire bats (D:5)
  21 wights
  2 electric eels
  2 howler monkeys
  4 lava snakes (Volcano)
  10 centaur zombies
  5 quasits
  2 bullfrog zombies (D:9)
  7 crimson imps
  3 hounds
  2 jellies
  2 bullfrog skeletons
  2 gnoll shamans
  24 orc priests
  28 orc wizards
  Crazy Yiuf (D:7)
  Jessica (D:3)
  Ijyb (D:3)
  Terence (D:3)
  3 iguanas
  25 worker ants
  4 hound zombies
  2 hound skeletons
  3 worker ant zombies
  A howler monkey skeleton (D:7)
  10 gnolls
  15 adders
  9 shadow imps
  An adder skeleton (D:8)
  An adder zombie (D:9)
  4 worms
  2 dart slugs (D:1)
  4 leopard geckos
  120 orcs
  18 bats
  13 giant cockroaches
  12 goblins
  7 hobgoblins
  5 jackals
  2 quokkas
  5 ball pythons
  3 frilled lizards
  13 kobolds
  A leopard gecko skeleton (D:7)
  2 quokka skeletons
  8 rats
  7 crawling corpses
  3 fire vortices (Depths:2)
  3 fungi
  2 plants (Shoals:4)
  A tentacle (Shoals:4)
2238 creatures vanquished.

Vanquished Creatures (others)
  A blizzard demon (IceCv)
  A deep elf knight (Elf:3)
  A deep elf mage (Elf:3)
  A manticore (Shoals:4)
  A black mamba (Lair:6)
  A water elemental (Depths:4)
  A fire elemental (Depths:4)
  A slave (D:7)
  An ogre (Vaults:2)
  An orc wizard (Orc:2)
  An orc priest (Vaults:1)
  9 ball lightnings (Depths:4)
  A bush (Lair:5)
  2 crawling corpses (Vaults:1)
  A fungus (Lair:6)
  36 plants
  2 spectral weapons
  4 tentacles (Shoals:4)
66 creatures vanquished.

Grand Total: 2304 creatures vanquished

Notes
Turn   | Place    | Note
-------+----------+-------------------------------------------
     0 | D:1      | Ordine the Gargoyle Fighter began the quest for the Orb.
     0 | D:1      | Reached XP level 1. HP: 14/14 MP: 1/1
   167 | D:1      | Reached XP level 2. HP: 19/19 MP: 2/2
   760 | D:1      | Reached XP level 3. HP: 20/23 MP: 3/3
   827 | D:2      | Found an iron altar of Okawaru.
   837 | D:2      | Became a worshipper of Warmaster Okawaru
  1082 | D:2      | Reached skill level 4 in Shields
  1128 | D:2      | Reached XP level 4. HP: 28/28 MP: 4/4
  1336 | D:2      | Found a glowing silver altar of Zin.
  1704 | D:3      | Noticed bezhaha's ghost (amateur HaHu)
  1720 | D:3      | Killed bezhaha's ghost
  1720 | D:3      | Reached * piety under Okawaru
  1720 | D:3      | Reached skill level 5 in Maces & Flails
  1720 | D:3      | Reached XP level 5. HP: 20/32 MP: 5/5
  1720 | D:3      | Reached XP level 6. HP: 23/37 MP: 6/6
  1721 | D:3      | Reached skill level 5 in Shields
  1926 | D:3      | Noticed Terence
  1935 | D:3      | Killed Terence
  2187 | D:3      | Noticed Ijyb
  2200 | D:3      | Killed Ijyb
  2343 | D:3      | Noticed Jessica
  2351 | D:3      | Killed Jessica
  2608 | D:4      | Reached XP level 7. HP: 41/41 MP: 7/7
  2615 | D:4      | Found Buicir's Food Emporium.
  2718 | D:4      | Found a burning altar of Makhleb.
  2721 | D:4      | Found an ornate altar of the Wu Jian Council.
  2722 | D:4      | Found an ancient bone altar of Kikubaaqudgha.
  2722 | D:4      | Found a stormy altar of Qazlal.
  2736 | D:4      | Reached skill level 6 in Shields
  2812 | D:4      | Found Ytysyuc's Weapon Boutique.
  3042 | D:4      | Noticed Execuda's ghost (amateur DsBe)
  3052 | D:4      | Killed Execuda's ghost
  3052 | D:4      | Reached ** piety under Okawaru
  3052 | D:4      | Reached XP level 8. HP: 46/46 MP: 8/8
  3466 | D:5      | Entered Level 5 of the Dungeon
  3622 | D:5      | Reached skill level 7 in Shields
  4067 | D:5      | Reached *** piety under Okawaru
  4290 | D:5      | Found a staircase to the Ecumenical Temple.
  4296 | Temple   | Entered the Ecumenical Temple
  4430 | D:5      | Found the +4 Vampire's Tooth {vamp}
  4587 | D:5      | Reached XP level 9. HP: 49/51 MP: 9/9
  4918 | D:6      | Noticed Menkaure
  4927 | D:6      | Killed Menkaure
  4927 | D:6      | Reached skill level 8 in Shields
  5135 | D:6      | Noticed Edmund
  5145 | D:6      | Killed Edmund
  5174 | D:6      | Reached skill level 10 in Maces & Flails
  5343 | D:6      | Noticed Eustachio
  5355 | D:6      | Killed Eustachio
  5581 | D:7      | Noticed Pikel
  5598 | D:6      | Killed Pikel
  5598 | D:6      | Reached **** piety under Okawaru
  5598 | D:6      | Reached skill level 9 in Shields
  5785 | D:7      | Reached XP level 10. HP: 53/56 MP: 10/10
  5949 | D:7      | Got an amethyst-studded ring mail
  5966 | D:7      | Identified the +5 ring mail of the Louse {rC+ Dex-4 Slay+3 Stlth+} (You found it on level 7 of the Dungeon)
  6227 | D:7      | Found a bloodstained altar of Trog.
  6353 | D:7      | Found a runed door.
  6357 | D:7      | Noticed Crazy Yiuf
  6362 | D:7      | Killed Crazy Yiuf
  6405 | D:8      | Reached skill level 1 in Invocations
  6432 | D:8      | Found a staircase to the Lair.
  6477 | D:8      | Found a basalt altar of Yredelemnul.
  6500 | D:8      | Noticed Grum
  6534 | D:8      | Killed Grum
  6534 | D:8      | Reached ***** piety under Okawaru
  6542 | D:8      | Reached skill level 10 in Shields
  6674 | D:8      | Noticed Prince Ribbit
  6697 | D:8      | Killed Prince Ribbit
  7023 | D:8      | Noticed Joseph
  7047 | D:8      | Killed Joseph
  7047 | D:8      | Received a gift from Okawaru
  7183 | D:8      | Got a pair of slimy gloves
  7189 | D:8      | Identified the +2 pair of gloves of Qazlal's Generosity {rPois rC+} (You found it on level 8 of the Dungeon)
  7291 | D:8      | Noticed a red ugly thing
  7306 | D:8      | Killed a red ugly thing
  7306 | D:8      | Reached XP level 11. HP: 60/60 MP: 8/14
  7439 | D:9      | Found a glowing golden altar of the Shining One.
  7466 | D:9      | Noticed a two-headed ogre
  7481 | D:9      | Killed a two-headed ogre
  7481 | D:9      | Reached skill level 5 in Invocations
  7708 | D:9      | Found a staircase to the Orcish Mines.
  7719 | D:9      | Got a smoking leather armour
  7730 | D:9      | Identified the +1 leather armour of Beuwah Gyupn {rF- rN+ Str+4} (You found it on level 9 of the Dungeon)
  7789 | D:9      | Noticed Execuda's ghost (novice DsBe)
  7803 | D:9      | Killed Execuda's ghost
  7941 | D:9      | Reached skill level 11 in Shields
  8135 | D:9      | Reached ****** piety under Okawaru
  8211 | Lair:1   | Entered Level 1 of the Lair of Beasts
  8211 | Lair:1   | Noticed an oklob plant
  8358 | Lair:1   | Received a gift from Okawaru
  8474 | Lair:1   | Found a labyrinth entrance.
  8503 | Lab      | Entered a labyrinth
  9013 | Lab      | Noticed a minotaur
  9046 | Lab      | Killed a minotaur
  9046 | Lab      | Received a gift from Okawaru
  9046 | Lab      | Reached skill level 1 in Stealth
  9046 | Lab      | Reached skill level 1 in Evocations
  9093 | Lab      | Identified the Almanac of Fanaticism
  9094 | Lab      | Found the +2 hat of the Bear Spirit {Spirit, +Rage rN+ MR++}
  9242 | Lair:1   | Reached skill level 1 in Dodging
  9433 | Lair:1   | Noticed Erica
  9444 | Lair:1   | Killed Erica
  9444 | Lair:1   | Reached XP level 12. HP: 66/66 MP: 16/16
  9483 | Lair:1   | Noticed Gastronok
  9507 | Lair:1   | Killed Gastronok
  9893 | Lair:2   | Noticed an eight-headed hydra
  9978 | Lair:2   | Noticed a six-headed hydra
  9997 | Lair:2   | Received a gift from Okawaru
 10053 | Lair:2   | Identified 3 scrolls of acquirement
 10150 | Lair:2   | Killed an eight-headed hydra
 10405 | Lair:2   | Reached skill level 5 in Armour
 10457 | Lair:2   | Got a warped pewter ring
 10459 | Lair:2   | Identified the ring "Qimim" {rPois rN+ Stlth+} (You acquired it on level 2 of the Lair of Beasts)
 10596 | Lair:2   | Found a shadowy altar of Dithmenos.
 10948 | Lair:2   | Killed a six-headed hydra
 10948 | Lair:2   | Received a gift from Okawaru
 10948 | Lair:2   | Reached skill level 5 in Fighting
 11151 | Lair:3   | Noticed Urug
 11164 | Lair:3   | Killed Urug
 11233 | Lair:3   | Noticed Nergalle
 11245 | Lair:3   | Killed Nergalle
 11401 | Lair:3   | Noticed Harold
 11413 | Lair:3   | Noticed an eight-headed hydra
 11431 | Lair:3   | Killed an eight-headed hydra
 11431 | Lair:3   | Reached XP level 13. HP: 43/72 MP: 6/18
 11435 | Lair:3   | Killed Harold
 11983 | Lair:3   | Found a staircase to the Shoals.
 12384 | Lair:4   | Reached skill level 12 in Shields
 12445 | Lair:4   | Found a hole to the Spider Nest.
 12891 | Lair:4   | Reached skill level 5 in Stealth
 13712 | Lair:5   | Received a gift from Okawaru
 14174 | Lair:6   | Entered Level 6 of the Lair of Beasts
 14393 | Lair:6   | Received a gift from Okawaru
 14406 | Lair:6   | Reached skill level 5 in Evocations
 14510 | Lair:6   | Reached skill level 15 in Maces & Flails
 15095 | Lair:6   | Gained mutation: Your large and strong wings let you fly indefinitely. [Gargoyle growth]
 15095 | Lair:6   | Reached XP level 14. HP: 78/80 MP: 20/20
 15178 | Lair:6   | Received a gift from Okawaru
 15351 | Lair:6   | Found a staircase to the Slime Pits.
 15797 | Lair:6   | Noticed a dire elephant
 15827 | Lair:6   | Killed a dire elephant
 16013 | Lair:6   | Received a gift from Okawaru
 16031 | Lair:6   | Got a faintly glowing mace {god gift}
 16042 | Lair:6   | Got a warped glaive
 16058 | Lair:6   | Identified the +1 mace of Lesmiqof {venom, rF+ MR+} (Okawaru gifted it to you on level 6 of the Lair of Beasts)
 16064 | Lair:6   | Identified the cursed +1 glaive "Mupros" {freeze, Fragile +Inv MR+} (You found it on level 6 of the Lair of Beasts)
 16269 | Lair:1   | Learned a level 1 spell: Apportation
 16273 | Lair:1   | Learned a level 3 spell: Regeneration
 16279 | Lair:1   | Learned a level 3 spell: Spectral Weapon
 16355 | D:10     | Entered Level 10 of the Dungeon
 17439 | D:11     | Found a roughly hewn altar of Beogh.
 17917 | D:11     | Reached skill level 1 in Hexes
 17917 | D:11     | Reached skill level 1 in Charms
 17917 | D:11     | Reached skill level 1 in Translocations
 17982 | D:11     | Received a gift from Okawaru
 19616 | D:13     | Reached XP level 15. HP: 67/86 MP: 16/22
 19706 | D:13     | Reached skill level 10 in Invocations
 19717 | D:13     | Reached skill level 13 in Shields
 19929 | D:13     | Got a fine large shield
 20142 | D:13     | Identified the +6 large shield of Amorality {MR+} (You found it on level 13 of the Dungeon)
 20391 | D:13     | Found Cafriaku's Antique Armour Shop.
 20399 | D:13     | Bought a warped chain mail for 256 gold pieces
 20399 | D:13     | Identified the +2 chain mail of the City {rF+ MP+9 Int-4} (You bought it in a shop on level 13 of the Dungeon)
 20437 | D:13     | Identified the Collected Works on Evil and Conjuration
 20473 | D:13     | Received a gift from Okawaru
 20760 | D:13     | Found a gate to the Vaults.
 21264 | D:14     | Found Fapso's General Store.
 21285 | D:14     | Bought a scroll of torment for 97 gold pieces
 21746 | D:15     | Entered Level 15 of the Dungeon
 21942 | D:15     | Found Etosin's Weapon Emporium.
 22133 | D:15     | Noticed Josephine
 22150 | D:15     | Killed Josephine
 22276 | D:15     | Received a gift from Okawaru
 22295 | D:15     | Found a staircase to the Depths.
 23259 | Orc:1    | Entered Level 1 of the Orcish Mines
 23306 | Orc:1    | Found a dark tunnel.
 23330 | Volcano  | Entered a volcano
 23408 | Volcano  | Found a bloodstained altar of Trog.
 23489 | Volcano  | Received a gift from Okawaru
 23617 | Volcano  | Reached XP level 16. HP: 94/94 MP: 25/25
 23663 | Orc:1    | Noticed Snorg
 23685 | Orc:1    | Killed Snorg
 23685 | Orc:1    | Reached XP level 17. HP: 47/99 MP: 8/26
 24117 | Orc:1    | Reached skill level 10 in Stealth
 24246 | Orc:1    | Found Bofe's General Store.
 24262 | Orc:1    | Bought a scroll of vulnerability for 112 gold pieces
 24476 | Orc:2    | Entered Level 2 of the Orcish Mines
 24520 | Orc:2    | Found a staircase to the Elven Halls.
 24654 | Orc:2    | Reached skill level 10 in Evocations
 24796 | Orc:2    | Found a bloodstained altar of Trog.
 25845 | Orc:2    | Received a gift from Okawaru
 25957 | Orc:2    | Found Teycvy's Antique Armour Boutique.
 25958 | Orc:2    | Found Higutow's Antique Weapon Shop.
 25972 | Orc:2    | Found Iwiqairr's General Store.
 25972 | Orc:2    | Found Gukkoopp's Book Boutique.
 25988 | Orc:2    | Bought a scroll of enchant weapon for 90 gold pieces
 25988 | Orc:2    | Bought a potion of cancellation for 96 gold pieces
 26024 | Orc:2    | Bought a twisted chain mail for 228 gold pieces
 26024 | Orc:2    | Identified the +6 chain mail of Failure {rElec MR- Dex+2 Slay+5} (You bought it in a shop on level 2 of the Orcish Mines)
 26038 | Orc:2    | Bought an emerald-encrusted scale mail for 216 gold pieces
 26038 | Orc:2    | Bought a shimmering scale mail for 216 gold pieces
 26049 | Orc:2    | Identified the +5 scale mail "Qolontoa" {*Slow rC+ rN+ Regen+} (You bought it in a shop on level 2 of the Orcish Mines)
 26059 | Orc:2    | Identified the +1 scale mail of Theory {Dex+6} (You bought it in a shop on level 2 of the Orcish Mines)
 26079 | Orc:2    | Bought a manual of Spellcasting for 1545 gold pieces
 26241 | Elf:1    | Entered Level 1 of the Elven Halls
 26625 | Elf:1    | Noticed Agnes
 26662 | Elf:1    | Killed Agnes
 26793 | Elf:1    | Found a radiant altar of Vehumet.
 27067 | Elf:1    | Received a gift from Okawaru
 27070 | Elf:1    | Got an encrusted helmet {god gift}
 27081 | Elf:1    | Identified the +2 helmet of Gestures {*Slow rC- rN+++ Int+3} (Okawaru gifted it to you on level 1 of the Elven Halls)
 27173 | Elf:1    | Found Fudoefo's Book Shoppe.
 27314 | Elf:2    | Noticed an Ice Fiend
 27333 | Elf:2    | Got a crude flail
 27334 | Elf:2    | Identified the +0 flail "Ogruekhle" {drain, Dex+4} (You found it on level 2 of the Elven Halls)
 27417 | Elf:2    | Noticed an Executioner
 27451 | Elf:2    | Got an ichor-stained plate armour
 27474 | Elf:2    | Identified the +10 plate armour of Runut {Dex+4 Stlth+} (You found it on level 2 of the Elven Halls)
 27598 | Elf:2    | Reached skill level 5 in Dodging
 27648 | Elf:2    | Reached skill level 1 in Spellcasting
 27676 | Elf:2    | Found a runed gate.
 27676 | Elf:2    | Found a runed gate.
 27676 | Elf:2    | Found a runed gate.
 27974 | Elf:2    | Reached XP level 18. HP: 100/106 MP: 24/28
 28000 | Elf:2    | Noticed Nikola
 28012 | Elf:2    | Noticed Aizul
 28021 | Elf:2    | Killed Nikola
 28040 | Elf:2    | Killed Aizul
 28047 | Elf:2    | Received a gift from Okawaru
 28060 | Elf:2    | Reached skill level 14 in Shields
 28192 | Elf:2    | Reached skill level 10 in Fighting
 28674 | Elf:3    | Entered Level 3 of the Elven Halls
 28753 | Elf:3    | Upgraded the game from 0.22-a0-162-g33bf1272b0 to 0.22-a0-165-g89cf10f13c
 28781 | Elf:3    | Noticed Saint Roka
 28827 | Elf:3    | Killed Saint Roka
 28827 | Elf:3    | Reached skill level 5 in Spellcasting
 29193 | Elf:3    | Received a gift from Okawaru
 29216 | Elf:3    | Got a pair of twisted boots {god gift}
 29608 | Elf:3    | Identified the +0 pair of boots "Ystit" {MR+} (Okawaru gifted it to you on level 3 of the Elven Halls)
 29703 | Elf:3    | Reached skill level 15 in Shields
 30381 | Elf:3    | Noticed a deep elf blademaster
 30398 | Elf:3    | Killed a deep elf blademaster
 30420 | Elf:3    | Noticed Jorgrun
 30435 | Elf:3    | Received a gift from Okawaru
 30455 | Elf:3    | Killed Jorgrun
 30484 | Elf:3    | Reached XP level 19. HP: 64/115 MP: 12/30
 30546 | Elf:3    | Reached skill level 10 in Armour
 30651 | Elf:3    | Reached skill level 16 in Shields
 30772 | Elf:3    | Received a gift from Okawaru
 30775 | Elf:3    | Got a pair of ichor-stained gloves {god gift}
 30786 | Elf:3    | Identified the +2 pair of gloves "Ceppoh" {rCorr Str+5 Stlth-} (Okawaru gifted it to you on level 3 of the Elven Halls)
 31071 | Elf:3    | Got a vibrating brass amulet
 31072 | Elf:3    | Got a bronze scale mail
 31075 | Elf:3    | Identified the amulet "Piluneas" {Harm *Drain Fragile rF+ Str+4} (You took it off a deep elf high priest on level 3 of the Elven Halls)
 31087 | Elf:3    | Identified the +5 scale mail "Feelis" {Str-5 Int+5 Stlth+} (You took it off a deep elf high priest on level 3 of the Elven Halls)
 31132 | Elf:3    | Noticed a Brimstone Fiend
 31142 | Elf:3    | Got a warped diamond amulet
 31143 | Elf:3    | Got a pitted double sword {chaos}
 31153 | Elf:3    | Identified the amulet "Xehewkes" {rN+ Regen+ Int-3 Dex+2 Slay+3} (You took it off a deep elf mage on level 3 of the Elven Halls)
 31156 | Elf:3    | Identified the +5 double sword of Hipper {chaos, *Drain +Blink MR+ Str+10} (You took it off a deep elf mage on level 3 of the Elven Halls)
 31243 | Elf:3    | Identified Sif Muna's Compendium of Lightness and Darkness
 31342 | Elf:3    | Got a pitted war axe
 31343 | Elf:3    | Identified the +5 war axe of Accord {vamp, *Noise +Inv rPois Stlth+} (You found it on level 3 of the Elven Halls)
 31405 | Elf:3    | Got a clouded emerald amulet
 31406 | Elf:3    | Identified the amulet "Waomiso" {Acrobat rElec Int+8 Dex-4 Stlth-} (You took it off a deep elf master archer on level 3 of the Elven Halls)
 31707 | Shoals:1 | Entered Level 1 of the Shoals
 32473 | Shoals:2 | Got a steaming quarterstaff
 32499 | Shoals:2 | Identified the +11 quarterstaff of Quick Death {crush, Str+2 Int-5 SInv Stlth+} (You found it on level 2 of the Shoals)
 32614 | Shoals:2 | Reached skill level 10 in Spellcasting
 33807 | Shoals:3 | Received a gift from Okawaru
 34192 | Shoals:4 | Entered Level 4 of the Shoals
 34202 | Shoals:4 | Reached XP level 20. HP: 122/122 MP: 34/34
 34745 | Shoals:4 | Received a gift from Okawaru
 34851 | Shoals:4 | Identified the +2 ring mail "Zironuts" {Str+3 Int+6} (You found it on level 4 of the Shoals)
 34860 | Shoals:4 | Noticed Ilsuiw
 34869 | Shoals:4 | Killed Ilsuiw
 35006 | Shoals:4 | Reached skill level 10 in Dodging
 35084 | Shoals:4 | Got a barnacled rune of Zot
 35829 | Spider:1 | Entered Level 1 of the Spider Nest
 35876 | Spider:1 | Found a frozen archway.
 35889 | IceCv    | Entered an ice cave
 35928 | IceCv    | Reached skill level 5 in Translocations
 36338 | IceCv    | Got a crystal war axe
 36339 | IceCv    | Identified the +3 war axe "Niqecw" {holy, rElec Stlth+} (You found it in an ice cave)
 36875 | Spider:1 | Noticed Faustar's ghost (journeyman MiBe)
 36889 | Spider:1 | Killed Faustar's ghost
 37014 | Spider:1 | Noticed Frances
 37032 | Spider:1 | Killed Frances
 37695 | Spider:2 | Noticed Roxanne
 37711 | Spider:2 | Killed Roxanne
 37712 | Spider:2 | Identified Roxanne's Reference Book on Transmigration (You took it off Roxanne on level 2 of the Spider Nest)
 37794 | Spider:2 | Reached skill level 17 in Shields
 37918 | Spider:1 | Received a gift from Okawaru
 38277 | Spider:2 | Reached XP level 21. HP: 127/127 MP: 32/35
 38786 | Spider:3 | Reached skill level 18 in Shields
 38871 | Spider:3 | Identified the Papyrus of the Escort
 39173 | Spider:3 | Received a gift from Okawaru
 39425 | Spider:3 | Identified the +5 falchion "Lamir" {drain, +Blink rElec} (You found it on level 3 of the Spider Nest)
 39706 | Spider:3 | Reached skill level 19 in Shields
 40181 | Spider:4 | Entered Level 4 of the Spider Nest
 40948 | Spider:4 | Reached skill level 20 in Shields
 41032 | Spider:4 | Received a gift from Okawaru
 41189 | Spider:4 | Got a gossamer rune of Zot
 41672 | Elf:1    | Bought a book of the Sky for 1170 gold pieces
 41678 | Elf:1    | Learned a level 5 spell: Silence
 41938 | Vaults:1 | Entered Level 1 of the Vaults
 41953 | Vaults:1 | Received a gift from Okawaru
 42362 | Vaults:1 | Reached XP level 22. HP: 65/132 MP: 24/36
 42389 | Vaults:1 | Reached skill level 21 in Shields
 42640 | Vaults:1 | Received a gift from Okawaru
 42643 | Vaults:1 | Identified the +1 ring mail "Hengausu" {rPois Int+3} (Okawaru gifted it to you on level 1 of the Vaults)
 42994 | Vaults:1 | Reached skill level 22 in Shields
 43759 | Vaults:2 | Found Natuggyrph's Gadget Shoppe.
 43970 | Vaults:2 | Received a gift from Okawaru
 44088 | Vaults:2 | Reached skill level 23 in Shields
 44421 | Vaults:2 | Reached XP level 23. HP: 80/137 MP: 22/37
 44632 | Vaults:2 | Reached skill level 24 in Shields
 45036 | Vaults:2 | Received a gift from Okawaru
 45372 | Vaults:3 | Found a staircase to the Crypt.
 45613 | Vaults:3 | Noticed Bai Suzhen
 45632 | Vaults:3 | Killed Bai Suzhen
 45799 | Vaults:3 | Reached skill level 25 in Shields
 45922 | Vaults:3 | Reached skill level 1 in Necromancy
 45964 | Vaults:3 | Reached skill level 1 in Air Magic
 46099 | Vaults:3 | Received a gift from Okawaru
 46551 | Vaults:4 | Noticed Frederick
 46565 | Vaults:4 | Killed Frederick
 46879 | Vaults:4 | Reached XP level 24. HP: 137/144 MP: 36/37
 47916 | Slime:1  | Entered Level 1 of the Pits of Slime
 48125 | Slime:2  | Gained mutation: You expend magic power (3 MP) to strengthen your wands. [a shining eye]
 48126 | Slime:2  | Gained mutation: You are frail. (-10% HP) [a shining eye]
 48127 | Slime:2  | Gained mutation: You tend to lose your temper in combat. [a shining eye]
 48425 | Slime:2  | Lost mutation: You are frail. (-10% HP) [potion of mutation]
 48425 | Slime:2  | Lost mutation: You tend to lose your temper in combat. [potion of mutation]
 48425 | Slime:2  | Gained mutation: You are frail. (-10% HP) [potion of mutation]
 48425 | Slime:2  | Gained mutation: You are partially covered in yellow scales. (AC +2) [potion of mutation]
 48624 | Slime:5  | Entered Level 5 of the Pits of Slime
 48899 | Slime:5  | Found a viscous altar of Jiyva.
 48928 | Slime:5  | Noticed the Royal Jelly
 49798 | Slime:5  | Reached skill level 5 in Necromancy
 49833 | Slime:5  | Received a gift from Okawaru
 50690 | Depths:1 | Entered Level 1 of the Depths
 50700 | Depths:1 | Reached skill level 5 in Charms
 50768 | Depths:1 | Reached skill level 5 in Hexes
 51283 | Depths:1 | Found a runed door.
 51385 | Depths:1 | Received a gift from Okawaru
 51408 | Depths:1 | Identified the +1 mace of the Shore {freeze, rN+} (Okawaru gifted it to you on level 1 of the Depths)
 51526 | Depths:1 | Found a gateway to Hell.
 51730 | Depths:2 | Reached XP level 25. HP: 128/136 MP: 33/37
 51894 | Depths:2 | Found a portal to a secret trove of treasure.
 51969 | Depths:2 | Lost mutation: You are frail. (-10% HP) [potion of mutation]
 51969 | Depths:2 | Lost mutation: You expend magic power (3 MP) to strengthen your wands. [potion of mutation]
 51969 | Depths:2 | Lost mutation: You are partially covered in yellow scales. (AC +2) [potion of mutation]
 51969 | Depths:2 | Gained mutation: You expend magic power (3 MP) to strengthen your wands. [potion of mutation]
 51969 | Depths:2 | Gained mutation: Your magical capacity is low. (-10% MP) [potion of mutation]
 51969 | Depths:2 | Gained mutation: You evolve. [potion of mutation]
 51969 | Depths:2 | Gained mutation: You have sharp fingernails. [potion of mutation]
 51970 | Depths:2 | Lost mutation: You have sharp fingernails. [potion of mutation]
 51970 | Depths:2 | Lost mutation: Your magical capacity is low. (-10% MP) [potion of mutation]
 51970 | Depths:2 | Lost mutation: You expend magic power (3 MP) to strengthen your wands. [potion of mutation]
 51970 | Depths:2 | Gained mutation: You passively map a small area around you. [potion of mutation]
 51970 | Depths:2 | Gained mutation: You are agile. (Dex +2) [potion of mutation]
 52292 | Depths:2 | Reached skill level 5 in Air Magic
 52904 | Depths:2 | Found the +3 Elemental Staff {rElec rF++ rC++ MR++ AC+5}
 52919 | Depths:2 | Identified Sif Muna's Almanac of Clay
 52923 | Depths:2 | Identified the Tome of the Glacier
 53115 | Depths:3 | Received a gift from Okawaru
 53137 | Depths:3 | Noticed Sojobo
 53458 | Depths:3 | Killed Sojobo
 53507 | Depths:3 | Noticed a juggernaut
 53713 | Depths:2 | Killed a juggernaut
 54198 | Depths:3 | Found a one-way gate leading to the halls of Pandemonium.
 54494 | Depths:4 | Received a gift from Okawaru
 54503 | Depths:4 | Got a pair of transparent gloves {god gift}
 54504 | Depths:4 | Identified the -5 pair of gloves "Ijiffad" {rElec Dex+5} (Okawaru gifted it to you on level 4 of the Depths)
 54729 | Depths:4 | Paralysed by a floating eye for 2 turns
 54983 | Depths:4 | HP: 7/153 [crystal guardian/crystal bolt (23)]
 54985 | Depths:4 | Killed from afar by a crystal guardian

Vault maps used:
D:1:      onia_arrival_handbag
D:2:      zin_academy, kennysheep_okawaru_gauntlet
D:3:      uniq_ijyb, uniq_jessica, uniq_terence
D:4:      grunt_temple_overflow_open, serial_glass, glass_columns_a,
          glass_columns_b, glass_columns_b, serial_shops, nicolae_shop_crystal,
          shop
D:5:      minmay_diamond_boxcup, minmay_temple_entry_hall, first_ration,
          minmay_guarded_unrand_vampires_tooth
D:6:      hangedman_decor_points, uniq_edmund, uniq_eustachio, uniq_menkaure
D:7:      nicolae_overflow_crystal_walls, the_bakery, uniq_crazy_yiuf_cottage,
          uniq_pikel
D:8:      cheibrodos_elevator_heist, yredelemnul_altar_generic,
          minmay_lair_entry_grove, uniq_prince_ribbit1, uniq_joseph, uniq_grum
D:9:      old_standard_altar, orc_0_dummy, moated_statue
D:10:     kennysheep_ambush_hall
D:11:     cheibrodos_grave_circle, special_room
D:13:     hangedman_cross_cluster, erik_vaults_1, serial_shops, shop_fountains
D:14:     serial_shops, shop, serial_park_square3
D:15:     grunt_enter_depths_magical_seal, serial_shops, nicolae_shop_trees,
          uniq_josephine
Temple:   nicolae_temple_great_sept
Lair:1:   lab_entry_generic, dpeg_stationary_puzzle, infiniplex_staircase_pool,
          uniq_erica, uniq_gastronok
Lair:2:   lemuel_centaur_altar
Lair:3:   minmay_shoals_entry_hut, uniq_nergalle, uniq_urug, uniq_harold
Lair:4:   dummy_spider_entry, minmay_lair_oklob_chamber
Lair:5:   grunt_forest_small_clearings
Lair:6:   hangedman_lair_in_review, dpeg_slime_entry_corner,
          minmay_stone_trees_small, guppyfry_lair_drakes, lemuel_fruit_fields
Shoals:4: shoals_end_grunt_garden, shoals_ilsuiw_alternative
Spider:1: portal_ice_cave_entry_pillars_1, uniq_frances
Spider:2: spiders_nest_a, uniq_roxanne
Spider:3: hangedman_creepy_crawlies, nicolae_spider_cling_halls
Spider:4: guppyfry_spider_rune, nicolae_spider_webs_and_nodes, spider_trap
Orc:1:    serial_shops, shop, nicolae_volcano_entry_batcave, uniq_snorg
Orc:2:    st_orc_congregation, nicolae_orc_flooded_monolith, trog_book
Elf:1:    eino_elf_arrival_the_gate, basic_altar, serial_shops, shop,
          hangedman_corner_corridor, uniq_agnes
Elf:2:    st_stairs_10, uniq_nikola, uniq_aizul
Elf:3:    minmay_elf_hall_x, special_room, evilmike_surprise_oklob,
          uniq_jorgrun, uniq_saint_roka
Vaults:1: hangedman_vaults_corner_blocks, nicolae_vaults_little_ls,
          vaults_room_stairs_pillars, v_alt_pattern_5, v_misc_16,
          vaults_room_stairs_pillars, hangedman_vaults_impose,
          hangedman_vaults_cutoff, vaults_mumra_minichess_inversion,
          vaults_room_grunt_arrival_checkpoint, v_alt_pattern_1,
          ontoclasm_vaults_chip, ontoclasm_vaults_chip
Vaults:2: vaults_standard_mumra_lines, v_misc_4, v_pattern_5,
          hangedman_vaults_capsules, hangedman_vaults_nails,
          hangedman_vaults_corner_blocks, vaults_room_door_ring,
          nicolae_vaults_big_ls, serial_ice_m, v_misc_22,
          ontoclasm_vaults_decontamination, serial_shops, nicolae_shop_trees
Vaults:3: hangedman_vaults_stretched_pinwheel, minmay_crypt_entry_simple_sparse,
          ontoclasm_vaults_tryst, vaults_room_boxed,
          nicolae_vaults_sealed_display, nicolae_vaults_what_the_h,
          nicolae_vaults_ninety_degrees, v_alt_pattern_4, v_misc_10,
          uniq_bai_suzhen
Vaults:4: v_rooms_3, vaults_room_corners, nicolae_vaults_border_crossing,
          ontoclasm_vaults_chip, v_misc_29, v_misc_19, nicolae_vaults_theta,
          nicolae_vaults_network_periphery, ontoclasm_vaults_twist,
          vaults_dpeg_hooks, nicolae_vaults_circle_grid_b, v_misc_24,
          nicolae_vaults_asterisk, v_misc_8, vaults_room_fancy_cross,
          uniq_frederick
Depths:1: grunt_hell_entry_dis_old, minivault_11, hangedman_decor_push,
          wad_hexagon
Depths:2: mu_elemental_laboratory, glass_columns_a,
          nicolae_trove_entry_path_of_doom, hell_entry
Depths:3: hangedman_cross_stitches, pan_entry, serial_sigils_hangedman_quiver,
          hangedman_geh_valley, uniq_sojobo
Depths:4: radiant_caverns_b_rkd, abyss_entry, hell_entry
Lab:      labyrinth_spiral, nicolae_lab_garden
IceCv:    ice_cave_tombish
Volcano:  volcano_grotto

Skill      XL: |  1  2  3  4  5  6  7  8  9 10 11 12 13 14 15 16 17 18 19 20 21 22 23 24 25 |
---------------+----------------------------------------------------------------------------+-----
Maces & Flails | 3 5 6 7 9 11 12 13 14 15 16 | 16.0
Shields        | 4 5 6 7 9 10 11 12 13 15 16 17 20 23 25 | 25.0
Invocations    | 4 6 7 8 9 13 14 | 14.0
Stealth        | 2 4 6 7 9 10 | 10.0
Evocations     | 1 3 5 6 9 14 | 14.0
Dodging        | 1 3 4 5 7 10 | 10.0
Fighting       | 4 5 6 7 8 9 11 12 13 14 | 14.4
Armour         | 4 5 6 7 9 10 11 12 13 | 13.4
Hexes          | 2 3 5 7 |  7.6
Charms         | 1 2 3 6 8 |  8.4
Translocations | 1 2 7 8 |  8.0
Spellcasting   | 2 7 10 | 10.0
Necromancy     | 2 5 6 |  6.2
Air Magic      | 1 4 6 |  6.5

Action                   |  1- 3 |  4- 6 |  7- 9 | 10-12 | 13-15 | 16-18 | 19-21 | 22-24 | 25-27 || total
-------------------------+-------+-------+-------+-------+-------+-------+-------+-------+-------++-------
Melee: Flail             |   173 |   205 |   415 |   607 |       |       |       |       |       ||  1400
       Spear             |    17 |       |       |       |       |       |       |       |       ||    17
       Morningstar       |       |       |       |   160 |  1697 |  1385 |    52 |       |       ||  3294
       Eveningstar       |       |       |       |       |       |       |  2177 |  2120 |   576 ||  4873
Throw: Stone             |       |       |       |       |     1 |       |       |       |       ||     1
 Cast: Spectral Weapon   |       |       |       |       |       |       |       |     3 |     1 ||     4
       Regeneration      |       |       |       |       |       |       |       |     1 |       ||     1
       Silence           |       |       |       |       |       |       |       |       |     1 ||     1
Invok: Heroism           |       |       |     3 |     4 |     2 |     5 |     3 |     1 |     1 ||    19
       Finesse           |       |       |       |     9 |     7 |    10 |    12 |     5 |     3 ||    46
 Abil: Evoke Berserk Rag |       |       |       |       |     3 |     3 |     2 |     1 |       ||     9
       Fly               |       |       |       |       |     1 |       |       |       |       ||     1
Evoke: Wand              |       |       |       |       |       |       |       |     1 |     1 ||     2
       Phantom mirror    |       |       |       |       |       |       |       |     1 |       ||     1
  Use: Scroll            |     5 |     6 |     5 |    11 |    13 |     6 |    25 |    11 |     3 ||    85
       Potion            |       |     1 |     1 |     4 |     4 |     5 |    10 |     5 |     4 ||    34
 Stab: Sleeping          |       |       |       |     2 |    18 |     1 |       |       |       ||    21
       Distracted        |       |       |       |       |       |     3 |       |       |       ||     3
       Held in net/web   |       |       |       |       |       |       |     3 |       |       ||     3
  Eat: Chunk             |     1 |     5 |    11 |    13 |    56 |    25 |    25 |    24 |     3 ||   163
       Ration            |       |       |       |     2 |     1 |       |     4 |     3 |     2 ||    12
Armor: Scale mail        |   144 |    93 |   201 |    11 |       |       |       |       |       ||   449
       Ring mail         |       |       |       |   238 |   711 |    91 |       |       |       ||  1040
       Skin              |       |       |       |    28 |       |       |       |       |       ||    28
       Chain mail        |       |       |       |       |       |   203 |   834 |   456 |   110 ||  1603
Dodge: Dodged            |    80 |    69 |   111 |   160 |   483 |   282 |   940 |   556 |    92 ||  2773
       Deflected         |       |       |       |     7 |    24 |    14 |    48 |    49 |     8 ||   150
Block: Shield            |   136 |   115 |   244 |   354 |   647 |       |       |       |       ||  1496
       Large shield      |       |       |       |       |   677 |  1342 |  2848 |  2482 |   486 ||  7835

Table legend:
 A = Spawn XP
 B = Non-spawn XP
 C = Spawn XP percentage of total XP
 D = Spawn monster count
 E = Non-spawn monster count
 F = Spawn count percentage of total count
 G = Total turns spent on level
                    A         B        C        D         E        F      G
               +---------+---------+-------+---------+---------+-------+---------
         Total |       0 | 1017477 |   0.0 |       0 |    2208 |   0.0 | 54985
               +---------+---------+-------+---------+---------+-------+---------
           D:1 |       0 |      36 |   0.0 |       0 |      21 |   0.0 |   821
           D:2 |       0 |      61 |   0.0 |       0 |      30 |   0.0 |   674
           D:3 |       0 |     458 |   0.0 |       0 |      35 |   0.0 |   975
           D:4 |       0 |     712 |   0.0 |       0 |      26 |   0.0 |   996
           D:5 |       0 |    1109 |   0.0 |       0 |      33 |   0.0 |  1134
           D:6 |       0 |    1765 |   0.0 |       0 |      22 |   0.0 |   918
           D:7 |       0 |    1145 |   0.0 |       0 |      23 |   0.0 |   829
           D:8 |       0 |    4550 |   0.0 |       0 |      49 |   0.0 |  1134
           D:9 |       0 |    3660 |   0.0 |       0 |      29 |   0.0 |  1150
          D:10 |       0 |    1194 |   0.0 |       0 |      20 |   0.0 |  1130
          D:11 |       0 |    8071 |   0.0 |       0 |      45 |   0.0 |  1241
          D:12 |       0 |    6369 |   0.0 |       0 |      32 |   0.0 |   600
          D:13 |       0 |   16816 |   0.0 |       0 |      51 |   0.0 |  1917
          D:14 |       0 |    4477 |   0.0 |       0 |      20 |   0.0 |   787
          D:15 |       0 |   20164 |   0.0 |       0 |      69 |   0.0 |  1320
        Lair:1 |       0 |    7787 |   0.0 |       0 |      22 |   0.0 |  1466
        Lair:2 |       0 |    6463 |   0.0 |       0 |      29 |   0.0 |  1373
        Lair:3 |       0 |    4708 |   0.0 |       0 |       9 |   0.0 |  1355
        Lair:4 |       0 |    6532 |   0.0 |       0 |      29 |   0.0 |  1204
        Lair:5 |       0 |    5600 |   0.0 |       0 |      21 |   0.0 |   865
        Lair:6 |       0 |   22729 |   0.0 |       0 |      60 |   0.0 |  2049
      Shoals:1 |       0 |    4439 |   0.0 |       0 |      10 |   0.0 |   709
      Shoals:2 |       0 |   27069 |   0.0 |       0 |      54 |   0.0 |  1015
      Shoals:3 |       0 |   12417 |   0.0 |       0 |      20 |   0.0 |  1138
      Shoals:4 |       0 |   46188 |   0.0 |       0 |      77 |   0.0 |  1094
      Spider:1 |       0 |   16389 |   0.0 |       0 |      36 |   0.0 |  1281
      Spider:2 |       0 |   24777 |   0.0 |       0 |      84 |   0.0 |   930
      Spider:3 |       0 |   33329 |   0.0 |       0 |     115 |   0.0 |  1480
      Spider:4 |       0 |   35512 |   0.0 |       0 |      68 |   0.0 |  1195
       Slime:1 |       0 |    6450 |   0.0 |       0 |      19 |   0.0 |   124
       Slime:2 |       0 |    3315 |   0.0 |       0 |      11 |   0.0 |   270
       Slime:3 |       0 |    6385 |   0.0 |       0 |       8 |   0.0 |   469
       Slime:5 |       0 |   35453 |   0.0 |       0 |      47 |   0.0 |   656
         Orc:1 |       0 |    4573 |   0.0 |       0 |      28 |   0.0 |   997
         Orc:2 |       0 |   17472 |   0.0 |       0 |     107 |   0.0 |  1816
         Elf:1 |       0 |   16404 |   0.0 |       0 |      27 |   0.0 |  1068
         Elf:2 |       0 |   47150 |   0.0 |       0 |      59 |   0.0 |  1497
         Elf:3 |       0 |   93717 |   0.0 |       0 |      98 |   0.0 |  2791
      Vaults:1 |       0 |   94779 |   0.0 |       0 |     133 |   0.0 |  1891
      Vaults:2 |       0 |   90165 |   0.0 |       0 |     141 |   0.0 |  1589
      Vaults:3 |       0 |   55210 |   0.0 |       0 |      68 |   0.0 |  1150
      Vaults:4 |       0 |   42386 |   0.0 |       0 |      52 |   0.0 |  1051
      Depths:1 |       0 |   52055 |   0.0 |       0 |      71 |   0.0 |  1005
      Depths:2 |       0 |   47134 |   0.0 |       0 |      67 |   0.0 |  1838
      Depths:3 |       0 |   38069 |   0.0 |       0 |      38 |   0.0 |   949
      Depths:4 |       0 |   25985 |   0.0 |       0 |      45 |   0.0 |   503
           Lab |       0 |    1305 |   0.0 |       0 |       1 |   0.0 |   635
         IceCv |       0 |   10487 |   0.0 |       0 |      29 |   0.0 |   732
       Volcano |       0 |    4457 |   0.0 |       0 |      20 |   0.0 |   298
               +---------+---------+-------+---------+---------+-------+---------
